[ AOE2 MATCH · #478760622 ]
UnrankedLithuanians vs Magyars
[ REPLAY ANALYSIS · EXTRACTED FROM THE RECORDED GAME ]
Feudal
—
Castle
—
Imperial
—
| APM avg | 70.1 |
| APM peak | 67 |
| eAPM avg | 18.8 |
| Villagers / military | 6 / 0 |
Focus
⚔️ 0.0% · 🌾 100.0%
Feudal
—
Castle
—
Imperial
—
| APM avg | 3.1 |
| APM peak | 3 |
| eAPM avg | 3.1 |
| Villagers / military | 0 / 0 |
Feudal
—
Castle
—
Imperial
—
| APM avg | 59.6 |
| APM peak | 57 |
| eAPM avg | 20.9 |
| Villagers / military | 7 / 0 |
Focus
⚔️ 0.0% · 🌾 100.0%
Feudal
—
Castle
—
Imperial
—
| APM avg | 18.8 |
| APM peak | 18 |
| eAPM avg | 12.5 |
| Villagers / military | 4 / 0 |
Focus
⚔️ 22.2% · 🌾 77.8%
Feudal
—
Castle
—
Imperial
—
| APM avg | 64.8 |
| APM peak | 62 |
| eAPM avg | 11.5 |
| Villagers / military | 3 / 0 |
Focus
⚔️ 0.0% · 🌾 100.0%
Feudal
—
Castle
—
Imperial
—
| APM avg | 72.1 |
| APM peak | 69 |
| eAPM avg | 19.9 |
| Villagers / military | 4 / 0 |
Focus
⚔️ 0.0% · 🌾 100.0%
Feudal
—
Castle
—
Imperial
—
| APM avg | 49.1 |
| APM peak | 47 |
| eAPM avg | 11.5 |
| Villagers / military | 4 / 0 |
Focus
⚔️ 0.0% · 🌾 100.0%
Feudal
—
Castle
—
Imperial
—
| APM avg | 59.6 |
| APM peak | 57 |
| eAPM avg | 25.1 |
| Villagers / military | 5 / 0 |
Focus
⚔️ 0.0% · 🌾 100.0%
Match map
Initial resources + every placement click. Lines = walls · curves = elevation contours. ◆ gold · ⬟ stone · ● berries · ✦ relic · ◌ wall gap
Your base
anhdeptraibd's base
dobled2daoe's base
sada-aki's base
小农民's base
Puchero.com's base
我不是卡奴喵's base
D_Baron's base
Smoothed initial terrain · ◌ = detected wall gap · hover for details
Inputs per minute
— ThomasShelby - - anhdeptraibd
Build order — ThomasShelby
8 actions detected in the replay
| 0:02 | Create | Villager (Male) |
| 0:02 | Create | Villager (Male) |
| 0:02 | Create | Villager (Male) |
| 0:02 | Create | Villager (Male) |
| 0:03 | Create | Villager (Male) |
| 0:03 | Create | Villager (Male) |
| 0:04 | Build | House |
| 0:06 | Build | House |
Build order — anhdeptraibd
0 actions detected in the replay
Build order — dobled2daoe
9 actions detected in the replay
| 0:12 | Build | House |
| 0:15 | Build | House |
| 0:19 | Create | Villager (Male) |
| 0:19 | Create | Villager (Male) |
| 0:20 | Create | Villager (Male) |
| 0:20 | Create | Villager (Male) |
| 0:20 | Create | Villager (Male) |
| 0:20 | Create | Villager (Male) |
| 0:21 | Create | Villager (Male) |
Build order — sada-aki
4 actions detected in the replay
| 0:03 | Create | Villager (Male) ×4 |
| 0:09 | Build | House |
| 0:24 | Build | House |
| 0:26 | Build | House |
Build order — 小农民
5 actions detected in the replay
| 0:03 | Create | Villager (Male) |
| 0:03 | Create | Villager (Male) |
| 0:03 | Create | Villager (Male) |
| 0:05 | Build | House |
| 0:06 | Build | House |
Build order — Puchero.com
6 actions detected in the replay
| 0:01 | Create | Villager (Male) |
| 0:01 | Create | Villager (Male) |
| 0:01 | Create | Villager (Male) |
| 0:02 | Create | Villager (Male) |
| 0:03 | Build | House |
| 0:04 | Build | House |
Build order — 我不是卡奴喵
6 actions detected in the replay
| 0:05 | Create | Villager (Male) |
| 0:06 | Create | Villager (Male) |
| 0:06 | Create | Villager (Male) |
| 0:06 | Create | Villager (Male) |
| 0:08 | Build | House |
| 0:09 | Build | House |
Build order — D_Baron
7 actions detected in the replay
| 0:01 | Create | Villager (Male) |
| 0:01 | Create | Villager (Male) |
| 0:02 | Create | Villager (Male) |
| 0:02 | Create | Villager (Male) |
| 0:02 | Create | Villager (Male) |
| 0:05 | Build | House |
| 0:07 | Build | House |
Match timeline
| 0:16 | anhdeptraibd · resign |
[ AI ANALYSIS · 1 CREDIT ]
What really happened in this match?
Wolo.gg analyzes every decision: build order, eco, micro, common mistakes by bracket. Personalized analysis on WhatsApp or Discord in 30 seconds.
Civ guide
Lithuanians
Perfil
Jugador #1954095